 Dungeon Crawl Stone Soup version 0.29-a0-360-g8ed1089bbe (webtiles) character file.

Game seed: 16920254363196422743

5061 pokeman the Thaumaturge (level 10, -3/53 HPs)
             Began as a Deep Elf Hedge Wizard on Apr 29, 2022.
             Was a Priest of Vehumet.
             Succumbed to a water moccasin's poison
             ... on level 9 of the Dungeon.
             The game lasted 00:25:16 (11780 turns).

pokeman the Thaumaturge (Deep Elf Hedge Wizard)    Turns: 11780, Time: 00:25:16

Health: -3/53      AC:  8    Str:  7    XL:     10   Next: 31%
Magic:  21/29      EV: 11    Int: 24    God:    Vehumet [***...]
Gold:   494        SH:  0    Dex: 14    Spells: 23/35 levels left

rFire   . . .      SeeInvis +   b - +2 dagger (elec)
rCold   . . .      Faith    .   (no shield)
rNeg    . . .      Spirit   .   N - +0 acid dragon scales
rPois   .          Reflect  .   n - +0 helmet
rElec   .          Harm     .   s - +0 cloak
rCorr   +          Rampage  .   (no gloves)
Will    ++...                   (no boots)
Stlth   ++........              D - amulet of the acrobat
HPRegen 0.17/turn               j - ring of willpower
MPRegen 0.21/turn               O - ring of see invisible

@: lethally poisoned (-3 -> -36), very slightly contaminated
A: no striking features
a: Renounce Religion


You were on level 9 of the Dungeon.
You worshipped Vehumet.
Vehumet was most pleased with you.
You visited 2 branches of the dungeon, and saw 10 of its levels.

You collected 494 gold pieces.

Inventory:

Hand Weapons
 b - a +2 dagger of electrocution (weapon)
 r - a +3 quarterstaff of chaos
 M - a +1 long sword of venom
 P - a +1 vorpal shortbow
Armour
 n - a +0 helmet (worn)
 s - a +0 cloak (worn)
 K - a +2 buckler
 N - +0 acid dragon scales (worn)
Magical Staves
 l - a staff of poison
Jewellery
 j - a ring of willpower (left hand)
 q - a ring of positive energy
 w - a ring of flight
 D - an amulet of the acrobat (around neck)
 E - a ring of ice
 J - a ring of positive energy
 O - a ring of see invisible (right hand)
Wands
 u - a wand of iceblast (16)
 v - a wand of polymorph (12)
 H - a wand of acid (10)
 Q - a wand of digging (5)
Scrolls
 a - 2 scrolls of fear {unknown}
 h - a scroll of holy word {unknown}
 i - 7 scrolls of identify {unknown}
 k - 2 scrolls of teleportation {unknown}
 p - 2 scrolls of magic mapping {unknown}
 t - a scroll of immolation {unknown}
 x - a scroll of torment {unknown}
 y - 2 scrolls of silence {unknown}
 A - a scroll of blinking {unknown}
 F - 2 scrolls of fog {unknown}
 I - a scroll of noise {unknown}
Potions
 c - 6 potions of curing {unknown}
 d - 3 potions of magic
 e - 8 potions of degeneration {unknown}
 f - 4 potions of heal wounds {unknown}
 g - 2 potions of flight {unknown}
 m - 3 potions of might {unknown}
 o - 2 potions of berserk rage {unknown}
 z - a potion of ambrosia {unknown}
 B - a potion of resistance {unknown}
 G - 2 potions of brilliance {unknown}
 L - a potion of invisibility {unknown}
Miscellaneous
 C - a tin of tremorstones (2/2)


   Skills:
 - Level 2.0 Fighting
 - Level 2.0 Armour
 - Level 3.0 Dodging
 - Level 3.1 Stealth
 + Level 4.5 Shields
 * Level 13.2 Spellcasting
 + Level 7.4 Conjurations
 - Level 1.1 Summonings
 - Level 1.1 Translocations
 + Level 6.4 Fire Magic
 - Level 1.0 Air Magic
 - Level 1.0 Poison Magic
 - Level 1.1 Evocations


You had 23 spell levels left.
You knew the following spells:

 Your Spells              Type           Power      Damage    Failure   Level
a - Magic Dart            Conj           100%       1d8       1%          1
b - Mephitic Cloud        Conj/Pois/Air  31%        N/A       1%          3
c - Call Imp              Summ           21%        N/A       7%          2
d - Blink                 Tloc           42%        N/A       7%          2
e - Conjure Flame         Conj/Fire      49%        6-21      1%          3
f - Foxfire               Conj/Fire      100%       2x1d9     1%          1

Your spell library contained the following spells:

 Spells                   Type           Power      Damage    Failure   Level
 Dazzling Flash           Conj/Hex       66%        N/A       1%          3
 Slow                     Hex            60%        N/A       7%          1
 Malign Gateway           Summ/Tloc      10%        N/A       100%        7
 Summon Horrible Things   Summ           10%        N/A       100%        8


Dungeon Overview and Level Annotations

Branches:
Dungeon (9/15)             Temple (1/1) D:5
   Lair: D:8-11         Orc: D:9-12

Altars:
Ashenzari
Cheibriados
Dithmenos
Elyvilon
Fedhas
Gozag
Hepliaklqana
Kikubaaqudgha
Makhleb
Nemelex Xobeh
Okawaru
Qazlal
Ru
Sif Muna
Trog
Uskayaw
Vehumet
Wu Jian
Xom
Zin
The Shining One

Shops:
D:2 ?


Message History

You conjure some foxfire!
The water moccasin bites you.
You are poisoned.
The water moccasin poisons you!
You hit the water moccasin.
The water moccasin is severely wounded.
You feel very sick.
The foxfire hits the water moccasin but does no damage.
The water moccasin is severely wounded.
The foxfire hits the water moccasin but does no damage.
The water moccasin is severely wounded.
The water moccasin bites you.
Casting: Foxfire (safe; 1% risk of failure)
Confirm with . or Enter, or press ? or * to list all spells.
You conjure some foxfire!
You feel very sick. The water moccasin bites you. x2
You hit the water moccasin.
The water moccasin is severely wounded.
You feel sick.
The foxfire hits the water moccasin.
The water moccasin is almost dead.
The foxfire hits the water moccasin.
The water moccasin is almost dead.
The water moccasin bites you.
You are more poisoned.
The water moccasin poisons you!
Casting: Foxfire (safe; 1% risk of failure)
Confirm with . or Enter, or press ? or * to list all spells.
You conjure some foxfire!
You feel very sick. The water moccasin bites you!
* * * LOW HITPOINT WARNING * * *
You are more poisoned.
The water moccasin poisons you! The water moccasin bites you.
* * * LOW HITPOINT WARNING * * *
Casting: Foxfire (safe; 1% risk of failure)
Confirm with . or Enter, or press ? or * to list all spells.
You miscast Blink.
You are very lightly contaminated with residual magic.
Nothing appears to happen.
You die...

#........# ... #........#
. ... #........# #.
...##........# ..
............# ##.#.
#........#
##....##......).#
#...$..#.v......# ######
.......S@######## #.....
.......#v.## #.....
.......##..# #.....
#.....# #..#########.....
...... #....#...........
.>.....###.....##.#####..
.............###..####...
.......###..............#
.... #...#......)##.#


You could see a water moccasin (ally target).

Vanquished Creatures
  Maggie (D:6)
  Prince Ribbit (D:8)
  Grinder (D:6)
  3 wyverns
  Sigmund (D:2)
  A vampire (D:9)
  A shadow (D:5)
  Duvessa (D:7)
  A water moccasin (D:7)
  3 ice beasts
  An orc warrior (D:8)
  A black bear (D:2)
  4 centaurs
  2 ogres (D:7)
  A phantom (D:7)
  Blork the orc (D:6)
  A bullfrog (D:9)
  A gnoll sergeant (D:5)
  4 kobold brigands
  4 scorpions
  2 necrophages (D:5)
  3 wights (D:9)
  Dowan (D:7)
  7 howler monkeys
  2 hounds
  5 jellies
  An orc priest (D:5)
  Crazy Yiuf (D:2)
  A gnoll shaman (D:5)
  4 iguanas
  Ijyb (D:3)
  4 orc wizards
  Robin (D:3)
  14 gnolls (D:5)
  7 adders
  2 shadow imps
  3 white imps
  2 ufetubi (D:4)
  3 worms
  A dart slug (D:1)
  28 orcs
  4 ball pythons
  2 endoplasms (D:4)
  2 giant cockroaches
  8 goblins
  8 hobgoblins
  6 jackals
  3 quokkas
  2 frilled lizards (D:1)
  23 kobolds
  9 rats
194 creatures vanquished.

Vanquished Creatures (collateral kills)
  An ogre (D:5)
1 creature vanquished.

Vanquished Creatures (others)
  343 foxfires
343 creatures vanquished.

Grand Total: 538 creatures vanquished

Notes
Turn   | Place    | Note
-------+----------+-------------------------------------------
     0 | D:1      | pokeman the Deep Elf Hedge Wizard began the quest for the
                  | Orb.
     0 | D:1      | Reached XP level 1. HP: 10/10 MP: 7/7
   322 | D:1      | Reached XP level 2. HP: 16/16 MP: 5/9
   357 | D:1      | Found a faded altar of an unknown god.
   868 | D:2      | Noticed Sigmund
  1111 | D:2      | Found Vob Kiet's Magic Scroll Shop.
  1212 | D:2      | Noticed a black bear
  1421 | D:2      | Reached skill level 5 in Spellcasting
  1558 | D:2      | Reached XP level 3. HP: 20/20 MP: 1/11
  1565 | D:2      | Learned a level 3 spell: Mephitic Cloud
  1568 | D:2      | Learned a level 2 spell: Call Imp
  1571 | D:2      | Learned a level 2 spell: Blink
  1575 | D:2      | Learned a level 3 spell: Conjure Flame
  1955 | D:2      | Killed Sigmund
  1956 | D:2      | Reached skill level 1 in Fighting
  1956 | D:2      | Reached skill level 1 in Armour
  1956 | D:2      | Reached skill level 6 in Spellcasting
  1956 | D:2      | Reached XP level 4. HP: 26/26 MP: 0/14
  1956 | D:2      | Reached XP level 5. HP: 30/30 MP: 0/15
  2221 | D:2      | Killed a black bear
  2222 | D:2      | Reached skill level 1 in Fire Magic
  2222 | D:2      | Reached XP level 6. HP: 27/35 MP: 3/17
  2322 | D:2      | Found a runed translucent door.
  2323 | D:2      | Noticed Crazy Yiuf
  2464 | D:2      | Killed Crazy Yiuf
  2857 | D:3      | Noticed Ijyb
  2944 | D:3      | Killed Ijyb
  2945 | D:3      | Reached skill level 7 in Spellcasting
  3110 | D:3      | Noticed Robin
  3119 | D:3      | Killed Robin
  3547 | D:3      | Reached skill level 1 in Air Magic
  4320 | D:4      | Found a bloodstained altar of Trog.
  4321 | D:4      | Found an opulent altar of Gozag.
  4511 | D:4      | Reached skill level 1 in Poison Magic
  4511 | D:4      | Reached XP level 7. HP: 32/39 MP: 14/20
  5096 | D:4      | Reached skill level 1 in Evocations
  5253 | D:5      | Entered Level 5 of the Dungeon
  5272 | D:5      | Reached skill level 8 in Spellcasting
  5726 | D:5      | Found a staircase to the Ecumenical Temple.
  5734 | Temple   | Entered the Ecumenical Temple
  6035 | Temple   | Became a worshipper of Vehumet
  6516 | D:5      | Reached XP level 8. HP: 42/44 MP: 18/22
  6582 | D:5      | Reached skill level 1 in Shields
  6582 | D:5      | Reached skill level 9 in Spellcasting
  7291 | D:5      | Reached skill level 5 in Conjurations
  7418 | D:5      | Reached * piety under Vehumet
  7418 | D:5      | Offered knowledge of Foxfire by Vehumet.
  7423 | D:5      | Learned a level 1 spell: Foxfire
  7435 | D:5      | HP: 2/44 [something (20)]
  7437 | D:5      | Reached skill level 10 in Spellcasting
  7953 | D:6      | Noticed Blork the orc
  7960 | D:6      | Killed Blork the orc
  8707 | D:6      | Found a snail-covered altar of Cheibriados.
  8786 | D:6      | Reached XP level 9. HP: 48/48 MP: 21/25
  8949 | D:6      | Noticed Maggie
  8964 | D:6      | Killed Maggie
  8965 | D:6      | Reached skill level 11 in Spellcasting
  9066 | D:6      | Noticed Grinder
  9072 | D:6      | Paralysed by Grinder for 4 turns
  9088 | D:6      | Killed Grinder
  9538 | D:7      | Reached skill level 5 in Fire Magic
  9614 | D:7      | Noticed Dowan
  9615 | D:7      | Noticed Duvessa
  9624 | D:7      | Killed Dowan
  9649 | D:7      | Reached skill level 12 in Spellcasting
  9841 | D:7      | Killed Duvessa
  9923 | D:7      | Offered knowledge of Shock by Vehumet.
  9945 | D:7      | Reached ** piety under Vehumet
 10195 | D:7      | Found a shadowy altar of Dithmenos.
 10609 | D:8      | Reached XP level 10. HP: 53/53 MP: 25/28
 10982 | D:8      | Noticed Prince Ribbit
 10991 | D:8      | Killed Prince Ribbit
 11374 | D:9      | Offered knowledge of Dazzling Flash by Vehumet.
 11380 | D:9      | Reached skill level 13 in Spellcasting
 11501 | D:9      | Reached *** piety under Vehumet
 11780 | D:9      | Succumbed to a water moccasin's poison

Illustrated notes

Levels and vault maps discovered:
D:1:      ncdulo_lavacross, layout_rooms, basic_ecumenical_altar
D:2:      layout_loops_corners, serial_shops, shop, uniq_sigmund,
          uniq_crazy_yiuf_cottage
D:3:      layout_loops_ring, uniq_ijyb, uniq_robin
D:4:      layout_layer_cave, gammafunk_temple_overflow_statue,
          minmay_misc_feat_iff
D:5:      layout_basic, minmay_temple_entry_sparse_star, minmay_pentangle
D:6:      layout_basic, mainiacjoe_overflow_six_doors_small, serial_rivers,
          chequers_serial_rivers_small_3, chequers_serial_rivers_small_b,
          chequers_serial_rivers_room_b, chequers_serial_rivers_room_a,
          uniq_grinder, uniq_blork_the_orc, uniq_maggie
D:7:      layout_rooms, overflow_temple_1_default, uniq_duvessa
D:8:      layout_loops_ring, nicolae_underground_beach, uniq_prince_ribbit1
D:9:      layout_rooms, uniq_erica
Temple:   minmay_temple_bridge_d

Skill      XL: |  1  2  3  4  5  6  7  8  9 10 |
---------------+-------------------------------+-----
Spellcasting   | 5 6 7 8 10 12 13 | 13.2
Fighting       | 1 2 |  2.0
Armour         | 1 2 |  2.0
Conjurations   | 2 3 4 5 7 |  7.4
Fire Magic     | 1 2 4 5 6 |  6.4
Dodging        | 3 |  3.0
Air Magic      | 1 |  1.0
Stealth        | 3 |  3.1
Poison Magic   | 1 |  1.0
Evocations     | 1 |  1.1
Shields        | 2 4 |  4.5
Summonings     | |  1.1
Translocations | |  1.1

Action                   |  1- 3 |  4- 6 |  7- 9 | 10-12 || total
-------------------------+-------+-------+-------+-------++-------
Melee: Staff             |     3 |     9 |       |       ||    12
       Dagger            |       |    10 |   104 |    23 ||   137
       Punch             |       |       |     1 |       ||     1
 Cast: Magic Dart        |    69 |    75 |    75 |     6 ||   225
       Conjure Flame     |     2 |     7 |    21 |     6 ||    36
       Mephitic Cloud    |     2 |     5 |    33 |     3 ||    43
       Call Imp          |       |     1 |     4 |     1 ||     6
       Blink             |       |       |     5 |     1 ||     6
       Foxfire           |       |       |   130 |    72 ||   202
 Stab: Confused          |     1 |     2 |     8 |       ||    11
       Sleeping          |       |     2 |     1 |       ||     3
       Distracted        |       |     1 |       |       ||     1
Armor: Robe              |     2 |     1 |       |       ||     3
       Leather armour    |       |     8 |     6 |       ||    14
       Acid dragon scale |       |       |     2 |    10 ||    12
Dodge: Dodged            |     2 |    15 |    62 |    23 ||   102

Table legend: (Time is in decaauts)
 A = Elapsed time spent in this place.
 B = Non-inter-level travel time spent in this place.
 C = Inter-level travel time spent in this place.
 D = Time resting spent in this place.
 E = Time spent auto-exploring this place.
 F = Levels seen in this place.
 G = Mean time per level.
                   A        B        C        D        E       F      G
               +--------+--------+--------+--------+--------+-----+--------+
         Total |  11795 |  11200 |    595 |    788 |   8595 |  10 | 1179.5 |
       Dungeon |  11421 |  10973 |    448 |    788 |   8381 |   9 | 1269.0 |
        Temple |    373 |    226 |    147 |      0 |    214 |   1 |  373.0 |
               +--------+--------+--------+--------+--------+-----+--------+

Top non-repeatable levels by time:
     D:5: 2309 daAuts
     D:2: 2000 daAuts
     D:6: 1683 daAuts
     D:4: 1472 daAuts
     D:3: 1069 daAuts
     D:8: 907 daAuts
     D:7: 848 daAuts
     D:1: 712 daAuts
     D:9: 416 daAuts
  Temple: 373 daAuts
